 Dungeon Crawl Stone Soup version 0.28.0 (webtiles) character file.

Game seed: 16598788980830853001

219 Hasart the Covered (level 5, -3/45 HPs)
             Began as a Demigod Fighter on Feb 13, 2022.
             Slain by an ogre (9 damage)
             ... on level 4 of the Dungeon.
             The game lasted 00:05:15 (3612 turns).

Hasart the Covered (Demigod Fighter)                Turns: 3612, Time: 00:05:16

Health: -3/45      AC:  6    Str: 17    XL:     5   Next: 36%
Magic:  7/7        EV:  9    Int: 10    God:
Gold:   95         SH:  5    Dex: 17    Spells: 4/4 levels left

rFire   . . .      SeeInvis .   a - +0 long sword
rCold   . . .      Faith    .   c - +0 buckler
rNeg    . . .      Spirit   .   b - +0 scale mail
rPois   .          Reflect  .   (no helmet)
rElec   .          Harm     .   (no cloak)
rCorr   .          Rampage  .   (no gloves)
Will    .....                   (no boots)
Stlth   ..........              (no amulet)
HPRegen 0.15/turn               (no ring)
MPRegen 0.10/turn               (no ring)

@: no status effects
A: high MP 1, forlorn, divine attributes
a: no special abilities


You were on level 4 of the Dungeon.
You visited 1 branch of the dungeon, and saw 4 of its levels.

You collected 199 gold pieces.
You spent 104 gold pieces at shops.

Inventory:

Hand Weapons
 a - a +0 long sword (weapon)
Armour
 b - a +0 scale mail (worn)
 c - a +0 buckler (worn)
Wands
 i - a wand of flame (10)
Scrolls
 e - a scroll of identify {unknown}
 k - a scroll of enchant armour {unknown}
Potions
 d - 3 potions of might
 f - a potion of magic {unknown}
 g - a potion of degeneration {unknown}
 h - a potion of heal wounds
 j - 2 potions of cancellation {unknown}


   Skills:
 + Level 3.3 Fighting
 * Level 3.4 Long Blades
 + Level 3.5 Armour
 + Level 1.6 Dodging
 + Level 3.3 Shields
 + Level 0.1 Evocations


You had 4 spell levels left.
You didn't know any spells.
Your spell library was empty.

Dungeon Overview and Level Annotations

Branches:
Dungeon (4/15)
 Temple: D:4-7

Shops:
D:2 !


Innate Abilities, Weirdness & Mutations

You have an increased reservoir of magic. (+10% MP)
You shall have no god before yourself.
Your divine heritage dramatically boosts your attributes as you level up.


Message History

Press: ? - help, Shift-Dir - straight line, f/p - ogre
Aim: an ogre, wielding a +0 giant club (lightly wounded, 85% to hit)
The puff of flame hits the ogre.
The ogre is moderately wounded.
Aiming: Throw Flame
Press: ? - help, Shift-Dir - straight line, f/p - ogre
Aim: an ogre, wielding a +0 giant club (moderately wounded, 85% to hit)
The puff of flame hits the ogre.
The ogre is heavily wounded.
The kobold hits you with a +0 whip.
Aiming: Throw Flame
Press: ? - help, Shift-Dir - straight line, f/p - ogre
Aim: an ogre, wielding a +0 giant club (heavily wounded, 85% to hit)
The puff of flame hits the ogre.
The ogre is heavily wounded.
You block the kobold's attack.
You hit the ogre.
The ogre is severely wounded.
The kobold barely misses you. The ogre barely misses you.
The kobold hits you but does no damage.
You hit the ogre.
The ogre is severely wounded.
You block the ogre's attack. The kobold hits you but does no damage.
You barely miss the ogre.
The ogre is severely wounded.
You block the kobold's attack. The ogre hits you with a +0 giant club!
You hit the ogre.
The ogre is almost dead.
You block the kobold's attack.
The ogre hits you with a +0 giant club!!
Ouch! That really hurt!
* * * LOW HITPOINT WARNING * * *
The kobold closely misses you.
You barely miss the ogre.
The ogre is almost dead.
The ogre closely misses you. The kobold completely misses you.
You hit the ogre.
The ogre is almost dead.
The ogre hits you with a +0 giant club!
You die...

### #.......# ###
...###.....## ....
....#..###..#.....
#......#.........
.#.........#....
#.........# ...
##.........# ..
#...KO#........
###.@###..#....
##.....###....
..######.......#
.###
.................
.
(.#####.#.....#..
#<..##...##...
#.#...##.# #.##.##
.# #.# ... ..


You could see an ogre and a kobold.

Vanquished Creatures
  A bullfrog (D:3)
  A scorpion (D:3)
  A howler monkey zombie (D:3)
  2 adders
  A worm (D:2)
  An orc (D:3)
  8 endoplasms
  4 giant cockroaches
  2 goblins
  5 hobgoblins
  3 jackals (D:3)
  9 quokkas
  3 ball pythons
  4 bats
  6 frilled lizards
  4 kobolds
  A rat (D:2)
56 creatures vanquished.

Vanquished Creatures (others)
  44 plants (D:3)
44 creatures vanquished.

Grand Total: 100 creatures vanquished

Notes
Turn   | Place    | Note
-------+----------+-------------------------------------------
     0 | D:1      | Hasart the Demigod Fighter began the quest for the Orb.
     0 | D:1      | Reached XP level 1. HP: 18/18 MP: 3/3
   750 | D:1      | Reached XP level 2. HP: 25/25 MP: 4/4
  1483 | D:2      | Reached XP level 3. HP: 30/30 MP: 5/5
  1886 | D:2      | Found Zytistrus's Distillery.
  1895 | D:2      | Bought a potion of heal wounds for 65 gold pieces
  1895 | D:2      | Bought a potion of curing for 39 gold pieces
  2517 | D:3      | Noticed a scorpion
  2575 | D:3      | Killed a scorpion
  2576 | D:3      | Reached skill level 1 in Dodging
  2576 | D:3      | Reached XP level 4. HP: 17/38 MP: 6/6
  2804 | D:3      | Noticed a bullfrog
  2824 | D:3      | Killed a bullfrog
  2825 | D:3      | Reached XP level 5. HP: 32/45 MP: 7/7
  3594 | D:4      | Noticed an ogre
  3612 | D:4      | Slain by an ogre

Illustrated notes

Levels and vault maps discovered:
D:1:      wander_arrival_chamber, layout_loops_cross
D:2:      layout_basic, serial_shops, shop_coins
D:3:      wad_woods_stonehenge, layout_loops_ring,
          grunt_dithmenos_smoke_and_mirrors, serial_rivers,
          chequers_serial_rivers_micro_b, chequers_serial_rivers_small_3,
          chequers_serial_rivers_micro_c, chequers_serial_rivers_micro_d,
          chequers_serial_rivers_micro_b
D:4:      nicolae_cairo_tiling_large_dashed, layout_loops_ring,
          gammafunk_temple_overflow_forgotten, minmay_temple_entry_statues

Skill      XL: |  1  2  3 |
---------------+----------+-----
Long Blades    | 2 3 |  3.4
Armour         | 3 |  3.5
Shields        | 3 |  3.3
Fighting       | 3 |  3.3
Dodging        | 1 |  1.6
Evocations     | |  0.1

Action                   |  1- 3 |  4- 6 || total
-------------------------+-------+-------++-------
Melee: Long sword        |   146 |    74 ||   220
Evoke: Wand              |       |     4 ||     4
  Use: Potion            |     1 |       ||     1
Armor: Scale mail        |    60 |    40 ||   100
Dodge: Dodged            |    60 |    46 ||   106
Block: Buckler           |    29 |    31 ||    60
